AoeStats
← 先督瑞拉

Arena

509598243Analyzed
4v4 RM · 3d ago on Sep 27, 2026· 44m 39s· 8 players
Game mode
Random Map
Map size
Large (8 player)
Population
200
Speed
Normal
Resources
Standard
Victory
Conquest
Starting age
Dark Age
Ending age
Imperial Age
RankedLock teamsTeams togetherTeam positionsShared explorationLock speedFull tech treeHidden civsTurbo modeCheats
Victory
Defeat
🇭🇰 Poles · Hong Kong SAR China
1347
+13
🇨🇳 Mongols · China
1312
+15
🇭🇰 Varangians · Hong Kong SAR China
1308
+15
🇭🇰 Romans · Hong Kong SAR China
1289
+15
🇳🇴 Italians · Norway
1333
-16
🇦🇷 Portuguese · Argentina
1287
-15
🇧🇷 Bohemians · Brazil
1267
-14
🇹🇷 Georgians · Türkiye
1234
-13
AI (HD Version)
11:09 Feudal Age
15:47 Castle Age
14:25 Double-Bit Axe
14:53 Horse Collar
16:34 Loom
17:14 Bow Saw
21:30 Heavy Plow
23:28 Wheelbarrow
23:41 Gold Mining
24:55 Hand Cart
26:43 Scale Mail Armor
26:53 Forging
29:29 Imperial Age
26:55 Stone Mining
27:13 Squires
27:00 Arson
28:05 Chain Mail Armor
29:59 Iron Casting
29:37 Elite Varangian Guard
30:04 Gambesons
29:43 Capped Ram
33:18 Plate Mail Armor
33:41 Crop Rotation
34:13 Two-Man Saw
35:04 Blast Furnace
34:54 Siege Ram
先督瑞拉
10:38 Feudal Age
11:59 Double-Bit Axe
14:42 Castle Age
12:56 Horse Collar
16:26 Wheelbarrow
16:58 Bow Saw
22:25 Fletching
23:07 Bodkin Arrow
24:13 Padded Archer Armor
26:45 Town Watch
27:44 Ballistics
30:27 Gold Mining
30:28 Stone Mining
31:10 Heavy Plow
33:27 Stone Shaft Mining
33:30 Gold Shaft Mining
35:47 Leather Archer Armor
39:43 Imperial Age
38:14 Thumb Ring
38:22 Bloodlines
38:12 Husbandry
40:47 Conscription
40:35 Bracer
41:52 Chemistry
40:13 Capped Ram
41:46 Hand Cart
41:18 Loom
41:34 Town Patrol
41:51 Hand Cart
41:36 Town Patrol
41:23 Loom
41:45 Siege Ram
42:48 Drill
42:50 Elite Mangudai
45:03 Nomads
Just for fun
8:44 Loom
11:46 Feudal Age
16:44 Castle Age
15:25 Horse Collar
15:36 Double-Bit Axe
18:28 Heavy Plow
20:28 Bow Saw
24:53 Gold Mining
29:50 Imperial Age
27:42 Scale Barding Armor
27:48 Forging
28:41 Bloodlines
28:32 Husbandry
28:44 Szlachta Privileges
29:35 Wheelbarrow
28:34 Light Cavalry
29:56 Winged Hussar
29:58 Cavalier
31:02 Conscription
31:05 Chain Barding Armor
32:07 Crop Rotation
32:15 Iron Casting
32:21 Lechitic Legacy
32:54 Hand Cart
34:09 Blast Furnace
33:03 Fletching
33:20 Town Watch
35:43 Bodkin Arrow
poor guy
10:25 Feudal Age
14:37 Castle Age
12:24 Double-Bit Axe
15:35 Bow Saw
15:37 Horse Collar
20:16 Loom
22:47 Wheelbarrow
23:42 Heavy Plow
24:03 Gold Mining
25:18 Hand Cart
31:21 Imperial Age
28:55 Man-at-Arms
29:36 Squires
31:36 Gold Shaft Mining
30:23 Long Swordsman
31:27 Legionary
32:34 Ballistas
32:50 Conscription
32:03 Heavy Scorpion
33:27 Scale Mail Armor
33:37 Forging
34:33 Comitatenses
34:46 Chain Mail Armor
37:10 Iron Casting
38:51 Blast Furnace
37:28 Capped Ram
43:21 Siege Ram
KRYPTAERNN
10:58 Feudal Age
15:00 Castle Age
13:27 Double-Bit Axe
14:37 Horse Collar
16:11 Loom
27:58 Imperial Age
26:38 Wheelbarrow
26:39 Scale Mail Armor
27:04 Bow Saw
27:34 Forging
27:50 Hand Cart
29:04 Ballistics
29:46 Chemistry
28:48 Squires
28:34 Arson
29:43 Heavy Plow
30:08 Chain Mail Armor
32:09 Plate Mail Armor
32:55 Bombard Tower
34:26 Iron Casting
37:30 Blast Furnace
37:02 Conscription
۞_KDZ_۞
5:02 Loom
11:07 Feudal Age
15:44 Castle Age
16:07 Pikeman
17:31 Wheelbarrow
16:45 Double-Bit Axe
16:48 Horse Collar
19:24 Chemistry
19:54 Padded Archer Armor
19:54 Scale Mail Armor
23:11 Bow Saw
23:07 Loom
25:04 Squires
25:30 Arson
27:24 Hand Cart
28:15 Town Watch
29:19 Town Patrol
32:42 Imperial Age
30:34 Scale Mail Armor
30:53 Masonry
33:15 Chain Mail Armor
33:13 Forging
33:20 Halberdier
36:48 Architecture
36:24 Siege Engineers
37:07 Leather Archer Armor
RICH FARMER
11:02 Feudal Age
15:39 Castle Age
13:36 Double-Bit Axe
15:20 Loom
16:45 Horse Collar
20:32 Bow Saw
24:42 Heavy Plow
25:18 Wheelbarrow
24:57 Gold Mining
26:19 Scale Barding Armor
28:08 Chain Barding Armor
30:24 Forging
31:31 Hand Cart
31:03 Town Watch
34:00 Imperial Age
31:54 Bloodlines
32:42 Husbandry
34:44 Iron Casting
34:01 Elite Monaspa
35:04 Conscription
35:23 Plate Barding Armor
36:29 Blast Furnace
41:58 Cavalier
Polaco
9:58 Feudal Age
13:45 Castle Age
12:23 Loom
13:13 Double-Bit Axe
18:26 Horse Collar
24:55 Imperial Age
22:58 Gold Mining
23:38 Bow Saw
23:16 Town Watch
24:35 Padded Archer Armor
31:18 Wheelbarrow
32:28 Two-Man Saw
33:35 Chemistry
32:13 Elite Skirmisher
33:35 Leather Archer Armor
33:10 Fletching
34:45 Stone Mining
35:01 Heavy Plow
36:04 Ring Archer Armor
35:29 Bodkin Arrow
35:54 Bodkin Arrow
Connection lost

Rejoining the realm…

Still unreachable

The connection could not be restored.

Session expired

The server has moved on; the page needs a fresh start.